[Event "Titled Tuesday Blitz January 31 Late 2023"]
[White "Fernandez Guillen, Ernesto J."]
[Black "Klose, Eli"]
[WhiteFideId "3512428"]
[BlackFideId "16242955"]
[WhiteElo "2477"]
[BlackElo "1519"]
[Result "1-0"]
[Round "08"]
[TimeControl "180+2"]
[Date "2023.01.31"]
[WhiteClock "0:00:19"]
[BlackClock "0:00:02"]

1. e4 e6 2. Nf3 d5 3. e5 c5 4. b4 c4 5. a3 a5 6. b5 Nd7 7. d4 cxd3 8. Bxd3 Nc5 9. O-O Bd7 10. a4 b6 11. Be3 Qc7 12. Nbd2 Ne7 13. Nb3 Ng6 14. Re1 Be7 15. Nxc5 Bxc5 16. Bxc5 Qxc5 17. Qd2 Rc8 18. h4 h6 19. h5 Ne7 20. Qf4 O-O 21. Re3 f5 22. Nd4 Rf7 23. Rg3 Kh8 24. Re1 Qa3 25. Nf3 Qb4 26. Qxb4 axb4 27. Rb1 Ra8 28. Rxb4 Ra5 29. Nd4 Rf8 30. Be2 Rc8 31. Ra3 Kg8 32. Bd3 Kf7 33. Nb3 Ra7 34. a5 bxa5 35. Rxa5 Rxa5 36. Nxa5 Ra8 37. Nb3 Bc8 38. f4 Bb7 39. Kf2 Ke8 40. Ke3 Kd8 41. Kd4 Nc8 42. Kc5 Ra3 43. b6 Ra2 44. Nd4 Ke7 45. Bb5 Ra3 46. c4 dxc4 47. Bc6 Ra5+ 48. Rb5 Rxb5+ 49. Kxb5 c3 50. Bxb7 Kd7 51. Bc6+ 1-0


[Site "https://www.chess.com"]

[Event "Titled Tuesday Blitz January 31 Late 2023"]
[White "Santos Ruiz, Miguel"]
[Black "Fiorito, Joaquin"]
[WhiteFideId "22291482"]
[BlackFideId "180173"]
[WhiteElo "2590"]
[BlackElo "2405"]
[Result "1-0"]
[Round "08"]
[TimeControl "180+2"]
[Date "2023.01.31"]
[WhiteClock "0:00:29"]
[BlackClock "0:00:54"]

1. e4 c6 2. d4 d5 3. exd5 cxd5 4. c3 Nf6 5. Nf3 Nc6 6. Ne5 Bd7 7. Nd2 g6 8. Ndf3 Bg7 9. Be2 O-O 10. O-O Rc8 11. Re1 Bf5 12. h3 Ne4 13. a4 Nxe5 14. Nxe5 Bxe5 15. dxe5 Qb6 16. Qd4 Qxd4 17. cxd4 f6 18. g4 Bd7 19. f3 Ng3 20. Bd1 fxe5 21. Kg2 exd4 22. Kxg3 Rce8 23. Re5 e6 24. b3 Rc8 25. Bb2 d3 26. Re3 d2 27. Rd3 Bc6 28. Rxd2 Rce8 29. Be5 Rc8 30. Be2 Bd7 31. Bd3 Bc6 32. h4 Bd7 33. h5 g5 34. Rdd1 Bc6 35. Rac1 Rf7 36. Be2 h6 37. Rd4 Rcf8 38. b4 Bxa4 39. b5 Bb3 40. Rc3 Bc4 41. Bxc4 dxc4 42. Rdxc4 Rd7 43. Rc8 Rd5 44. Rxf8+ Kxf8 45. Rc8+ Ke7 46. Bg7 Rxb5 47. Bxh6 Kf7 48. Rc7+ Kf6 49. Bg7# 1-0


[Site "https://www.chess.com"]

[Event "Titled Tuesday Blitz January 31 Late 2023"]
[White "Hasanagic, Anel"]
[Black "Rakhmatullaev, Almas"]
[WhiteFideId "14605791"]
[BlackFideId "14205793"]
[WhiteElo "2243"]
[BlackElo "2275"]
[Result "1-0"]
[Round "08"]
[TimeControl "180+2"]
[Date "2023.01.31"]
[WhiteClock "0:00:16"]
[BlackClock "0:00:07"]

1. e4 e5 2. Nf3 Nf6 3. Nxe5 Nxe4 4. Qe2 Qe7 5. Qxe4 d6 6. d4 dxe5 7. dxe5 Nc6 8. Bb5 Bd7 9. O-O O-O-O 10. Nc3 Nxe5 11. Bxd7+ Nxd7 12. Qa4 a6 13. Bf4 Nb6 14. Qb3 Qf6 15. Bg3 h5 16. h4 Qg6 17. Rad1 Be7 18. a4 Qe6 19. Qxe6+ fxe6 20. b3 Nd5 21. Ne4 Nb4 22. c3 Nd5 23. c4 Nb4 24. Be5 Bxh4 25. g3 Be7 26. Bxg7 Rhg8 27. Bf6 Bxf6 28. Nxf6 Rh8 29. Kg2 Nd3 30. Rh1 Nc5 31. Rxd8+ Rxd8 32. Rxh5 Nxb3 33. g4 Nd2 34. g5 Rf8 35. Rh6 Nxc4 36. g6 Rxf6 37. g7 Rxh6 38. g8=Q+ Kd7 39. Qg7+ Kc6 40. Qxh6 Nd6 41. Qc1+ Kb6 42. f3 c5 43. Qb2+ Kc6 44. Qe5 b5 45. axb5+ axb5 46. Qe3 b4 47. Kf2 c4 48. Qd4 b3 49. f4 Kc7 50. Ke2 Kc6 51. Kd2 Kc7 52. Qe5 Kd7 53. Kc3 Ke7 54. Qg7+ Kd8 55. Qg8+ Kd7 56. Qg7+ Kc6 57. Qe5 Kd7 58. Kb4 Ke7 59. Kc5 Nf7 60. Qc7+ Kf6 61. Kxc4 Nh6 62. Qb6 Nf5 63. Qxb3 Nd6+ 64. Kd4 Nf5+ 65. Ke4 Nd6+ 66. Kf3 Nf5 67. Qc3+ Kf7 68. Qe5 Ke7 69. Ke4 Kf7 70. Kd3 Ke7 71. Kc4 Nd6+ 72. Kc5 Nf7 73. Qc7+ Kf6 74. Kc6 Nh6 75. Qe5+ Kf7 76. Qg5 Nf5 77. Kd7 Ng7 78. Kd6 Nf5+ 79. Ke5 Ng7 80. Qf6+ Kg8 81. Kd6 Ne8+ 82. Kxe6 Nxf6 83. Kxf6 Kf8 84. f5 Ke8 85. Kg7 Kd7 86. f6 Kc6 87. f7 1-0


[Site "https://www.chess.com"]

[Event "Titled Tuesday Blitz January 31 Late 2023"]
[White "Diaz Perez, Michel Alejandro"]
[Black "Hambleton, Aman"]
[WhiteFideId "3517179"]
[BlackFideId "2606577"]
[WhiteElo "2414"]
[BlackElo "2420"]
[Result "1-0"]
[Round "08"]
[TimeControl "180+2"]
[Date "2023.01.31"]
[WhiteClock "0:00:15"]
[BlackClock "0:00:01"]

1. Nf3 Nf6 2. c4 c5 3. Nc3 b6 4. d4 cxd4 5. Nxd4 Bb7 6. f3 e6 7. e4 d6 8. Be3 a6 9. Be2 Nbd7 10. O-O Be7 11. Qd2 O-O 12. Rfc1 Qc7 13. Kh1 Rfe8 14. a4 Rab8 15. a5 bxa5 16. Nb3 Bxe4 17. Nxa5 Ba8 18. b4 d5 19. b5 Bb4 20. Qa2 Bxc3 21. Rxc3 axb5 22. c5 Qe5 23. Qd2 Qc7 24. Bf4 e5 25. Bg5 h6 26. Bh4 d4 27. Rcc1 Nd5 28. c6 N7f6 29. Nb3 b4 30. Nc5 Qd6 31. c7 Nxc7 32. Ra7 Ncd5 33. Ne4 Nxe4 34. fxe4 Nc3 35. Bc4 Rf8 36. Be7 Qb6 37. Rca1 Rfe8 38. Bxf7+ Kh7 39. Bxe8 Rxe8 40. Qf2 Bxe4 41. Bf6 Rg8 42. Bxe5 Qg6 43. Bxd4 Nb5 44. R1a6 Qg5 45. Re7 Nxd4 46. Rxe4 Qc1+ 47. Re1 Qc4 48. Rd6 Nb5 49. Qf5+ Kh8 50. Rd7 Nc3 51. Qe5 b3 52. Rc7 Qc5 53. Qxc5 1-0


[Site "https://www.chess.com"]

[Event "Titled Tuesday Blitz January 31 Late 2023"]
[White "Iskusnyh, Sergei"]
[Black "Jaracz, Pawel"]
[WhiteFideId "4120027"]
[BlackFideId "1102222"]
[WhiteElo "2440"]
[BlackElo "2467"]
[Result "1-0"]
[Round "08"]
[TimeControl "180+2"]
[Date "2023.01.31"]
[WhiteClock "0:00:12"]
[BlackClock "0:00:02"]

1. d4 Nf6 2. c4 e6 3. g3 d5 4. Nf3 Bb4+ 5. Bd2 Be7 6. Bg2 c6 7. Qc2 b6 8. O-O Bb7 9. a3 O-O 10. cxd5 cxd5 11. Bb4 Nc6 12. Bxe7 Qxe7 13. Rc1 Rfc8 14. Qd1 Na5 15. Nbd2 Ba6 16. Ne5 Nd7 17. b4 Nxe5 18. bxa5 Nc4 19. Nxc4 Bxc4 20. axb6 axb6 21. a4 Ra6 22. e4 Qd7 23. exd5 exd5 24. Rab1 g6 25. h4 h5 26. Rb4 Rc7 27. Rcb1 Qc6 28. Qd2 Re7 29. Qg5 Re6 30. Bf3 Rxa4 31. Rxa4 Qxa4 32. Rxb6 Qa1+ 33. Kh2 Qxd4 34. Rxe6 Qxf2+ 35. Bg2 fxe6 36. Qxg6+ Kf8 37. Qxe6 Qf7 38. Qd6+ Kg7 39. Qe5+ Kh6 40. Qg5+ Kh7 41. Kg1 Qa7+ 42. Kh2 Qf7 43. Qe5 Kh6 44. Qe3+ Kh7 45. Kg1 Qf6 46. Qa7+ Kh6 47. Qe3+ Kg7 48. Bf3 d4 49. Qg5+ Qxg5 50. hxg5 Kg6 51. Kf2 Kxg5 52. Bd1 Bd3 53. Kf3 Bf5 54. Ba4 1-0


[Site "https://www.chess.com"]

[Event "Titled Tuesday Blitz January 31 Late 2023"]
[White "Averjanov, Alexey"]
[Black "Poltorak, Sebastian"]
[WhiteFideId "14109867"]
[BlackFideId "1199498"]
[WhiteElo "2399"]
[BlackElo "2354"]
[Result "0-1"]
[Round "08"]
[TimeControl "180+2"]
[Date "2023.01.31"]
[WhiteClock "0:00:05"]
[BlackClock "0:00:02"]

1. d4 Nf6 2. c4 g6 3. Nc3 d5 4. cxd5 Nxd5 5. e4 Nxc3 6. bxc3 Bg7 7. Nf3 c5 8. Be3 Qa5 9. Qd2 Nc6 10. Rc1 cxd4 11. cxd4 Qxd2+ 12. Kxd2 O-O 13. d5 Rd8 14. Ke1 Na5 15. Bg5 f6 16. Bd2 b6 17. Bb4 Bf8 18. Nd4 f5 19. Bd3 fxe4 20. Bxe4 Ba6 21. d6 Rac8 22. Rxc8 Rxc8 23. Bd5+ Kh8 24. dxe7 Bxe7 25. Bxe7 Re8 26. Kd2 Rxe7 27. Kc3 Rc7+ 28. Kb2 Rd7 29. Re1 Rxd5 30. Re8+ Kg7 31. Re7+ Kf6 32. Rxa7 Rxd4 33. Rxa6 Rd2+ 34. Kc3 Rxa2 35. Rxb6+ Kg7 36. Ra6 Rxf2 37. Rxa5 Rxg2 38. h4 h5 39. Ra1 Rh2 40. Ra4 Rg2 41. Rd4 Kf6 42. Rd1 Rh2 43. Rf1+ Ke5 44. Rg1 Kf6 45. Rf1+ Kg7 46. Rf4 Kh6 47. Kd3 Rh3+ 48. Ke2 Rg3 49. Kf2 Ra3 50. Kg2 Ra6 51. Kg3 Ra3+ 52. Kg2 Ra6 53. Kg3 Ra7 54. Kg2 Rg7 55. Kg3 Kh7 56. Rf6 Rd7 57. Kh3 Rd3+ 58. Kh2 Kg7 59. Re6 Kf7 60. Rc6 Re3 61. Kg2 Re6 62. Rc5 Kf6 63. Kf3 Ra6 64. Rc3 Ra4 65. Rc6+ Kf5 66. Rc5+ Kf6 67. Rc6+ Kg7 68. Rc7+ Kh6 69. Kg3 Ra6 70. Rc3 Kg7 71. Rc7+ Kf6 72. Rc3 Ra5 73. Rf3+ Rf5 74. Re3 Re5 75. Rf3+ Ke6 76. Rf8 Rf5 77. Rg8 Rf6 78. Rg7 Kf5 79. Rg8 Rf7 80. Kf3 Ke5+ 81. Kg3 Kf6 82. Kf4 Re7 0-1


[Site "https://www.chess.com"]

[Event "Titled Tuesday Blitz January 31 Late 2023"]
[White "Cardoso Cardoso, Jose Gabriel"]
[Black "Costachi, Mihnea"]
[WhiteFideId "4430492"]
[BlackFideId "1217518"]
[WhiteElo "2492"]
[BlackElo "2476"]
[Result "0-1"]
[Round "08"]
[TimeControl "180+2"]
[Date "2023.01.31"]
[WhiteClock "0:00:01"]
[BlackClock "0:00:57"]

1. Nf3 Nf6 2. b3 g6 3. Bb2 Bg7 4. e3 O-O 5. d4 b6 6. Be2 Bb7 7. O-O d6 8. c4 Nbd7 9. Nc3 Ne4 10. Qc2 Nxc3 11. Bxc3 e5 12. dxe5 Nxe5 13. e4 Re8 14. Rad1 Bxe4 15. Qxe4 Nxf3+ 16. Qxf3 Bxc3 17. Bd3 Qf6 18. Be4 Qxf3 19. Bxf3 Rad8 20. Rd3 Bb2 21. g3 Re5 22. Rb1 Ba3 23. b4 Bxb4 24. Rxb4 Re1+ 25. Kg2 Rde8 26. Rbb3 Ra1 27. Ra3 a5 28. Re3 Rxe3 29. Rxe3 Rxa2 30. Re7 Rc2 31. Bd5 a4 32. Rxc7 a3 33. Rxf7 a2 34. Ra7+ Kh8 35. g4 Rd2 36. g5 h5 37. gxh6 b5 38. Ra8+ Kh7 39. Bg8+ Kxh6 40. cxb5 d5 41. b6 Rb2 42. Bxd5 a1=Q 43. Rxa1 Rxb6 44. Ra3 Kg5 45. Rg3+ Kf4 46. Bc4 Rc6 47. Bd3 g5 48. h3 Rb6 49. Rg4+ Ke5 50. Rxg5+ Kd4 51. Be2 Ke4 52. Bf3+ Kf4 53. Rg4+ Kf5 54. Kg3 Rb3 55. h4 Ra3 56. Rg5+ Kf6 57. Ra5 Rxa5 58. Bg4 Ke5 59. f3 Ra1 60. h5 Rg1+ 61. Kf2 Rh1 62. Kg2 Ra1 63. Kg3 Kf6 64. f4 Rg1+ 65. Kf3 Rf1+ 66. Kg3 Kg7 67. Bh3 Rg1+ 68. Kf3 Kh6 69. Bg4 Ra1 70. Ke4 Ra4+ 71. Ke5 Ra5+ 72. Kf6 Ra4 73. Ke5 Rb4 74. Be2 Rb3 75. Kf5 Re3 76. Bg4 Re1 77. Kf6 Rg1 78. Kf5 Ra1 79. Bf3 Ra7 80. Ke5 Re7+ 81. Kf6 Re8 82. Bd5 Rb8 83. Bf7 Rb6+ 84. Kf5 Kg7 85. Bg6 Rb5+ 86. Kg4 Kf6 87. Bd3 Rb4 88. Bg6 Rb2 89. Be4 Ra2 90. h6 Rh2 91. h7 Kg7 92. Kg5 Re2 93. Bf5 Rg2+ 94. Kh4 Rf2 95. Kg3 Rf1 96. Kg4 Ra1 97. Be4 Ra5 98. Kf3 Ra4 99. Bf5 Ra8 100. Kg4 Kf6 101. Be4 Re8 102. Bd5 Kg6 103. Bg8 Kg7 104. Kg5 Re1 105. Kf5 Rg1 106. Ke5 Rh1 107. f5 Re1+ 108. Kd6 Rd1+ 109. Ke7 Re1+ 110. Kd6 Rh1 111. Ke6 Re1+ 0-1


[Site "https://www.chess.com"]

[Event "Titled Tuesday Blitz January 31 Late 2023"]
[White "Golubev, Mikhail"]
[Black "Baskakov, Egor"]
[WhiteFideId "14100983"]
[BlackFideId "24197866"]
[WhiteElo "2461"]
[BlackElo "2215"]
[Result "0-1"]
[Round "08"]
[TimeControl "180+2"]
[Date "2023.01.31"]
[WhiteClock "0:00:01"]
[BlackClock "0:00:43"]

1. e4 c5 2. Nf3 Nf6 3. e5 Nd5 4. Nc3 e6 5. Ne4 Nc6 6. c4 f5 7. Nc3 Nde7 8. d4 cxd4 9. Nxd4 Nxe5 10. Ndb5 N7c6 11. Nd6+ Bxd6 12. Qxd6 Nf7 13. Qd1 d6 14. g3 e5 15. Bg2 Be6 16. Nd5 O-O 17. O-O Qd7 18. f4 e4 19. b3 Bxd5 20. Qxd5 Ne7 21. Qd4 Nc6 22. Qc3 Qe6 23. Bb2 Qg6 24. Rad1 Rad8 25. Rd2 Rd7 26. Rfd1 Rfd8 27. b4 Qf6 28. Qxf6 gxf6 29. Bxf6 Rc8 30. Bc3 Ne7 31. Bf1 Rdc7 32. Kf2 b5 33. c5 dxc5 34. bxc5 Rxc5 35. Bb4 R5c7 36. Bxb5 Rb8 37. a4 a6 38. Bd6 Nxd6 39. Rxd6 axb5 40. axb5 Rxb5 41. g4 Rb3 42. g5 Rf3+ 43. Kg2 Rc2+ 44. Kg1 Rxf4 45. Re6 Rg4+ 46. Kh1 Kf7 47. Rf6+ Ke8 48. Rh6 e3 49. Rxh7 Rd2 50. Ra1 e2 51. Ra8+ Kd7 52. Ra7+ Kc6 0-1


[Site "https://www.chess.com"]

[Event "Titled Tuesday Blitz January 31 Late 2023"]
[White "Prydun, Andriy"]
[Black "Ibarra Jerez, Jose Carlos"]
[WhiteFideId "14145898"]
[BlackFideId "2226332"]
[WhiteElo "2134"]
[BlackElo "2563"]
[Result "1/2-1/2"]
[Round "08"]
[TimeControl "180+2"]
[Date "2023.01.31"]
[WhiteClock "0:00:04"]
[BlackClock "0:00:50"]

1. e4 c5 2. Nf3 e6 3. Nc3 a6 4. d4 cxd4 5. Qxd4 b5 6. g3 Bb7 7. Bg2 Qc7 8. O-O Nf6 9. Bf4 d6 10. e5 Nc6 11. Qd3 Nxe5 12. Nxe5 Bxg2 13. Nxb5 axb5 14. Qxb5+ Nd7 15. Nxd7 Bxf1 16. Nf6+ Ke7 17. Nd5+ exd5 18. Qxd5 Qa5 19. Qe4+ Kf6 20. Rxf1 h6 21. Rd1 Rc8 22. Rd5 Rc5 23. b4 Qa4 24. Qf5+ Ke7 25. bxc5 f6 26. Qg6 Ke6 27. Qe4+ Kf7 28. Qxa4 1/2-1/2


[Site "https://www.chess.com"]

[Event "Titled Tuesday Blitz January 31 Late 2023"]
[White "Bayo Milagro, Alvaro"]
[Black "Goltsev, Dmitry"]
[WhiteFideId "22275240"]
[BlackFideId "24176710"]
[WhiteElo "2287"]
[BlackElo "2269"]
[Result "1/2-1/2"]
[Round "08"]
[TimeControl "180+2"]
[Date "2023.01.31"]
[WhiteClock "0:00:14"]
[BlackClock "0:00:18"]

1. d4 Nf6 2. Nf3 e6 3. c4 d5 4. g3 c5 5. cxd5 exd5 6. Bg2 Nc6 7. O-O Be7 8. dxc5 Bxc5 9. a3 a5 10. Nc3 O-O 11. Bg5 Be6 12. Rc1 Bb6 13. Bxf6 Qxf6 14. Nxd5 Bxd5 15. Qxd5 Rad8 16. Qb5 Nd4 17. Nxd4 Bxd4 18. Rc2 b6 19. e3 Bc5 20. b4 axb4 21. axb4 Be7 22. Rc6 Qb2 23. Qxb6 Bxb4 24. Rc4 Rb8 25. Qd4 Qa2 26. Rc7 Rfd8 27. Rd7 Rxd7 28. Qxd7 Qe6 29. Qd3 Bc5 30. Bd5 Qf6 31. Qc4 Rc8 32. Rb1 Qd8 33. Bxf7+ Kh8 34. Be6 Rc7 35. Rc1 Bd6 36. Qf1 Bc5 37. Rd1 Qe7 38. Bd5 Qf6 39. Qb5 Qf8 40. Be4 h6 41. Bb1 g5 42. Qb2+ Kg8 43. Qb3+ Kh8 44. Qd3 Bb4 45. Qd4+ Kg8 46. Ba2+ Kh7 47. Bb1+ Kg8 48. Qd5+ Kh8 49. Kg2 Rf7 50. f4 gxf4 51. exf4 Rg7 52. Qe4 Be7 53. Rd7 Bf6 54. Rxg7 Qxg7 55. Qa8+ Qg8 56. Qxg8+ Kxg8 57. Kf3 Kg7 58. Kg4 Bd8 59. h3 Bc7 60. Kf5 Bb8 61. g4 Ba7 62. Be4 Bf2 63. Bd5 Be1 64. Ke6 Bh4 65. Ke5 Bf6+ 66. Kf5 Bh4 67. Ke4 Be1 68. Kf3 Bh4 69. Be4 Kf6 70. Bb1 Be1 71. Kg2 Bh4 72. Ba2 Be1 73. Kf3 Bh4 74. Ke4 Be1 75. Kd5 Bh4 76. Kd4 Bf2+ 77. Ke4 Bh4 78. Kf3 Be1 79. Kg2 Bh4 80. Kf1 Bg3 81. f5 Bh4 82. Ke2 Bg3 83. Kf3 Bh4 84. Ke4 Be1 85. Kd5 Bh4 86. Kd6 Be1 87. Kd7 Bg3 88. Ke8 h5 89. gxh5 Kxf5 90. Kf8 Kg5 91. Ke8 Kh6 92. Kf7 Bf4 93. Ke8 Be5 94. Kf7 Kh7 95. Ke8 Bd4 96. Kf7 Kh8 97. Ke8 Bc3 98. Kd7 Bf6 99. Kc8 Bc3 100. Kd7 Be5 101. Ke6 Bd6 102. Kf5 Be5 103. Kxe5 Kh7 104. Kf6 Kh8 105. Kg6 1/2-1/2


[Site "https://www.chess.com"]

[Event "Titled Tuesday Blitz January 31 Late 2023"]
[White "O`Gorman, Tom"]
[Black "Quispe Arteaga, Gabriel"]
[WhiteFideId "2508249"]
[BlackFideId "32059809"]
[WhiteElo "2355"]
[BlackElo "2381"]
[Result "1/2-1/2"]
[Round "08"]
[TimeControl "180+2"]
[Date "2023.01.31"]
[WhiteClock "0:00:10"]
[BlackClock "0:00:02"]

1. e4 c5 2. Nf3 e6 3. d4 cxd4 4. Nxd4 Nf6 5. Nc3 Nc6 6. Ndb5 Bb4 7. a3 Bxc3+ 8. Nxc3 d5 9. exd5 exd5 10. Bd3 O-O 11. O-O d4 12. Ne2 Bg4 13. h3 Bh5 14. Bg5 Re8 15. Qd2 Bxe2 16. Bxf6 Qxf6 17. Bxe2 Ne5 18. Rfe1 Rad8 19. Rad1 g6 20. Bb5 Re6 21. Re4 Rb6 22. a4 a6 23. f4 Nf3+ 24. gxf3 axb5 25. Rxd4 Rxd4 26. Qxd4 Qxd4+ 27. Rxd4 bxa4 28. Rxa4 Rxb2 29. Rc4 Rb5 30. Kg2 h5 31. Kg3 Kg7 32. Re4 Kf6 33. Rc4 Rb6 34. Rc5 Rb1 35. h4 Rb6 36. f5 g5 37. hxg5+ Kxg5 38. f4+ Kf6 39. Kh4 Rc6 40. Rb5 b6 41. Kxh5 Rxc2 42. Kg4 Rc6 43. Kf3 Ke7 44. Ke4 Kd7 45. Ke5 Kc7 46. f6 Rc5+ 47. Rxc5+ bxc5 48. Kd5 Kb6 49. Kd6 c4 50. Ke7 c3 51. Kxf7 c2 52. Kg8 c1=Q 53. f7 Qg1+ 54. Kh8 Qh2+ 55. Kg7 Qg3+ 56. Kf6 Qh4+ 57. Kg7 Qg4+ 58. Kf6 Qh4+ 59. Kg7 Qe7 60. Kg8 Qe6 61. Kg7 Qd7 62. Kg8 Qd5 63. Kg7 Qg2+ 64. Kf6 Qc6+ 65. Kg7 Qc3+ 66. Kg8 Qg3+ 67. Kh8 Qh3+ 68. Kg7 Qg4+ 69. Kf6 Qxf4+ 70. Kg7 Qg5+ 71. Kh8 Qh6+ 72. Kg8 Qg6+ 73. Kh8 Qf6+ 74. Kg8 Qe6 75. Kg7 Qe7 76. Kg8 Qg5+ 77. Kh8 Qg4 78. f8=Q Qd7 79. Qg7 Qc6 80. Kh7 Qh1+ 81. Qh6+ Qxh6+ 82. Kxh6 1/2-1/2


[Site "https://www.chess.com"]

[Event "Titled Tuesday Blitz January 31 Late 2023"]
[White "Akobian, Varuzhan"]
[Black "Moral Garcia, Serafin"]
[WhiteFideId "13300580"]
[BlackFideId "2201925"]
[WhiteElo "2591"]
[BlackElo "2238"]
[Result "0-1"]
[Round "08"]
[TimeControl "180+2"]
[Date "2023.01.31"]
[WhiteClock "0:00:26"]
[BlackClock "0:00:21"]

1. d4 Nf6 2. c4 g6 3. Nc3 d5 4. Bf4 Bg7 5. e3 c5 6. dxc5 O-O 7. cxd5 Qa5 8. Qd2 Qxc5 9. Rc1 Qa5 10. Nf3 Rd8 11. Bc4 Nbd7 12. Nb5 Qxd2+ 13. Nxd2 a6 14. Nc3 b5 15. Bc7 Re8 16. Be2 Bb7 17. e4 e6 18. dxe6 Rxe6 19. f3 Rc8 20. Bf4 b4 21. Nb3 bxc3 22. bxc3 Nc5 23. Na5 Bxe4 24. fxe4 Rxe4 25. g3 Nd3+ 26. Kd2 Nxc1 27. Rxc1 Ra4 28. Nb7 Rxa2+ 29. Rc2 Rxc2+ 30. Kxc2 Ne4 31. c4 Bf8 32. Bf3 Rxc4+ 33. Kd3 Rc3+ 34. Kxe4 f5+ 35. Ke5 Rxf3 36. Nd8 a5 37. Kf6 a4 38. Be5 a3 39. Ne6 a2 0-1


[Site "https://www.chess.com"]

[Event "Titled Tuesday Blitz January 31 Late 2023"]
[White "Al-Tarboush, Ward"]
[Black "Sokolovsky, Yahli"]
[WhiteFideId "7601450"]
[BlackFideId "2820242"]
[WhiteElo "2256"]
[BlackElo "2461"]
[Result "1-0"]
[Round "08"]
[TimeControl "180+2"]
[Date "2023.01.31"]
[WhiteClock "0:01:49"]
[BlackClock "0:00:29"]

1. e4 d6 2. d4 g6 3. Nc3 a6 4. h4 Nf6 5. f3 h5 6. Nh3 Bxh3 7. Rxh3 b5 8. g4 Bg7 9. Be3 Nbd7 10. g5 Nh7 11. f4 c5 12. d5 Bxc3+ 13. bxc3 Qa5 14. Qd2 Rb8 15. Rf3 Nhf8 16. Bh3 Rh7 17. Kf2 b4 18. c4 Qc7 19. Kg2 a5 20. Raf1 a4 21. f5 Ne5 22. fxg6 Nxf3 23. gxh7 Nxd2 24. h8=Q Nxf1 25. Kxf1 b3 26. g6 fxg6 27. Bh6 Kf7 28. Qg7+ 1-0


[Site "https://www.chess.com"]

[Event "Titled Tuesday Blitz January 31 Late 2023"]
[White "Khoroshev, Nikita"]
[Black "Ortega Amarelle, Mariano"]
[WhiteFideId "14200287"]
[BlackFideId "3504301"]
[WhiteElo "2336"]
[BlackElo "2472"]
[Result "0-1"]
[Round "08"]
[TimeControl "180+2"]
[Date "2023.01.31"]
[WhiteClock "0:01:18"]
[BlackClock "0:01:01"]

1. e4 e5 2. Nf3 Nc6 3. Bb5 a6 4. Ba4 Nf6 5. Bxc6 dxc6 6. d3 Nd7 7. Nbd2 Bd6 8. Nc4 Qe7 9. a4 a5 10. O-O c5 11. c3 O-O 12. Re1 Nb8 13. d4 cxd4 14. cxd4 Bb4 15. Bd2 exd4 16. Bxb4 Qxb4 17. Qxd4 Nc6 18. Qc3 Qxc3 19. bxc3 Be6 20. Na3 Rad8 21. Nb5 Rd7 22. Nfd4 Nxd4 23. Nxd4 Bc4 24. Rab1 b6 25. Nc6 Re8 26. f3 f6 27. Red1 Rxd1+ 28. Rxd1 Bb3 29. Rd4 Re6 30. Na7 Rd6 31. Rxd6 cxd6 32. Nc8 Bxa4 33. Nxb6 Bb3 34. Kf2 a4 35. Nxa4 Bxa4 36. Ke3 Kf7 37. Kd4 Ke6 38. c4 Bc6 39. g3 f5 40. exf5+ Kxf5 41. f4 Kg4 42. c5 dxc5+ 43. Kxc5 Be4 44. Kd6 0-1


[Site "https://www.chess.com"]

[Event "Titled Tuesday Blitz January 31 Late 2023"]
[White "Ismagilov, Damir"]
[Black "Papasimakopoulos, Alexandros"]
[WhiteFideId "34199982"]
[BlackFideId "4244125"]
[WhiteElo "2156"]
[BlackElo "2401"]
[Result "0-1"]
[Round "08"]
[TimeControl "180+2"]
[Date "2023.01.31"]
[WhiteClock "0:00:37"]
[BlackClock "0:01:22"]

1. e4 e6 2. d4 d5 3. Nc3 Bb4 4. e5 c5 5. Bd2 Ne7 6. a3 Bxc3 7. Bxc3 Nbc6 8. Nf3 cxd4 9. Nxd4 O-O 10. Be2 Nxd4 11. Qxd4 Nc6 12. Qg4 Qb6 13. Rd1 Rd8 14. Bd4 Nxd4 15. Qxd4 Qa5+ 16. c3 b6 17. O-O Ba6 18. Rfe1 Bxe2 19. Rxe2 Rac8 20. Qb4 Qa6 21. Re3 Qb7 22. h3 Qc7 23. Rd4 Qc5 24. g3 Qxb4 25. Rxb4 Kf8 26. Kf1 Ke7 27. Rh4 h6 28. Rg4 g5 29. h4 Rc4 30. Rxc4 dxc4 31. Ke2 gxh4 32. gxh4 Rd5 33. f4 Rb5 34. Rg3 Rxb2+ 35. Ke3 Kf8 36. Kd4 b5 37. Kc5 Rb3 38. Rf3 a6 39. f5 exf5 40. Rxf5 Kg7 41. Rf3 Rxa3 42. Kd6 b4 43. Ke7 Rxc3 44. Rxf7+ Kg6 45. Rf6+ Kh5 46. Rxa6 Re3 47. e6 c3 48. Rc6 b3 49. Kf6 b2 50. Rb6 c2 51. Rb5+ Kxh4 52. e7 0-1


[Site "https://www.chess.com"]

[Event "Titled Tuesday Blitz January 31 Late 2023"]
[White "Krysa, Leandro"]
[Black "Ibadov, Dashgyn"]
[WhiteFideId "116807"]
[BlackFideId "24107514"]
[WhiteElo "2541"]
[BlackElo "2391"]
[Result "1-0"]
[Round "08"]
[TimeControl "180+2"]
[Date "2023.01.31"]
[WhiteClock "0:00:20"]
[BlackClock "0:00:02"]

1. e4 e5 2. Nf3 Nc6 3. d4 exd4 4. Nxd4 Nf6 5. Nxc6 bxc6 6. e5 Qe7 7. Qe2 Nd5 8. Nd2 a5 9. c4 Nb6 10. b3 a4 11. Bb2 axb3 12. axb3 Rxa1+ 13. Bxa1 Qa3 14. Qd1 Bb4 15. Bd3 Qa5 16. Ke2 O-O 17. Qc2 h6 18. Rd1 d6 19. Kf1 dxe5 20. h3 f5 21. Qb2 Re8 22. Nf3 Bd6 23. Re1 Ba3 24. Rxe5 Bxb2 25. Rxa5 Bxa1 26. Rxa1 c5 27. Ra5 Nd7 28. Bxf5 Nf6 29. Bxc8 Rxc8 30. Rxc5 Rb8 31. Nd4 Ra8 32. Rxc7 Ne4 33. Ne6 Nd2+ 34. Ke2 Nxb3 35. Rxg7+ Kh8 36. Re7 Ra6 37. Ke3 Ra5 38. f4 Ra3 39. g4 1-0


[Site "https://www.chess.com"]

[Event "Titled Tuesday Blitz January 31 Late 2023"]
[White "ArchibaldCerveza29"]
[Black "Tan, Zhongyi"]
[BlackFideId "8603642"]
[WhiteElo "2532"]
[BlackElo "2517"]
[Result "0-1"]
[Round "08"]
[TimeControl "180+2"]
[Date "2023.01.31"]
[WhiteClock "0:00:38"]
[BlackClock "0:01:21"]

1. e4 c5 2. Nf3 d6 3. d4 cxd4 4. Nxd4 Nf6 5. Nc3 g6 6. Be3 Bg7 7. f3 O-O 8. Qd2 Nc6 9. O-O-O d5 10. Qe1 e5 11. Nxc6 bxc6 12. Bc5 Re8 13. Bc4 Be6 14. exd5 Nxd5 15. Ne4 Qc7 16. h4 Nf4 17. Bb3 Bd5 18. g3 Ne6 19. Bd6 Qb6 20. Bxd5 cxd5 21. Rxd5 Rac8 22. Kb1 f5 23. Ng5 e4 24. Ba3 Nxg5 25. hxg5 exf3 26. Qd2 Re2 27. Qd3 Rexc2 28. Rd1 Rxb2+ 29. Ka1 Rb1# 0-1


[Site "https://www.chess.com"]

[Event "Titled Tuesday Blitz January 31 Late 2023"]
[White "Veiga, Jose Francisco R P Neves"]
[Black "Darini, Pouria"]
[WhiteFideId "1930087"]
[BlackFideId "12502200"]
[WhiteElo "2406"]
[BlackElo "2401"]
[Result "0-1"]
[Round "08"]
[TimeControl "180+2"]
[Date "2023.01.31"]
[WhiteClock "0:00:19"]
[BlackClock "0:00:45"]

1. e4 e5 2. Nf3 Nc6 3. Bb5 a6 4. Ba4 Nf6 5. O-O b5 6. Bb3 Bb7 7. a4 Be7 8. d3 O-O 9. Nc3 Nd4 10. Nxe5 Nxb3 11. cxb3 b4 12. Ne2 d5 13. f3 Re8 14. Bf4 Bd6 15. d4 dxe4 16. fxe4 Nxe4 17. Ng3 Nxg3 18. Bxg3 f6 19. Nc4 Bxg3 20. hxg3 Qd5 21. Qd2 Re4 22. Rf2 Rxd4 23. Qxb4 Re8 24. Qc3 Rd3 25. Qa5 Rd1+ 26. Rxd1 Qxd1+ 27. Kh2 Re1 28. g4 Rh1+ 29. Kg3 Qd3+ 30. Rf3 Bxf3 31. gxf3 Rg1+ 32. Kf2 Qd4+ 33. Ke2 Rg2+ 34. Ke1 Qg1# 0-1


[Site "https://www.chess.com"]

[Event "Titled Tuesday Blitz January 31 Late 2023"]
[White "Ronka, Erik"]
[Black "Perske, Thore"]
[WhiteFideId "505080"]
[BlackFideId "12902195"]
[WhiteElo "2276"]
[BlackElo "2448"]
[Result "0-1"]
[Round "08"]
[TimeControl "180+2"]
[Date "2023.01.31"]
[WhiteClock "0:00:01"]
[BlackClock "0:00:03"]

1. e4 e6 2. Nf3 d5 3. e5 c5 4. b4 cxb4 5. d4 Nc6 6. a3 Bd7 7. axb4 Bxb4+ 8. c3 Bf8 9. Bd3 a6 10. O-O Rc8 11. h4 h6 12. g3 Nge7 13. h5 Na5 14. Kg2 Nc4 15. Nh4 Nf5 16. Nxf5 exf5 17. Qf3 Be6 18. Bxf5 Bxf5 19. Qxf5 Qd7 20. Qd3 Be7 21. f4 Qg4 22. f5 Qxh5 23. f6 gxf6 24. exf6 Bd6 25. Bf4 O-O 26. Bxd6 Nxd6 27. Nd2 Rfe8 28. Rae1 Rxe1 29. Rxe1 Qf5 30. Qxf5 Nxf5 31. Re5 Nd6 32. Rxd5 Rxc3 33. Rxd6 Rc2 34. Rd8+ Kh7 35. Rd7 Rxd2+ 36. Kf3 Kg6 37. Rxb7 Rxd4 38. Rb6 a5 39. Ra6 Ra4 40. Kg2 h5 41. Kh3 Ra3 42. Kh2 a4 43. Kg2 Kg5 44. Kh2 Kg4 45. Ra5 Ra2+ 46. Kh1 Kxg3 47. Rg5+ Kf4 48. Ra5 a3 49. Ra4+ Kg5 50. Ra5+ Kg6 51. Ra6 Ra1+ 52. Kh2 a2 53. Kg2 h4 54. Kh2 h3 55. Ra3 Kxf6 56. Ra6+ Ke5 57. Ra5+ Kf4 58. Ra4+ Kg5 59. Ra3 f5 60. Rg3+ Kf6 61. Ra3 f4 62. Ra6+ Kg5 63. Ra5+ Kg4 64. Ra4 Kf3 65. Ra3+ Ke2 66. Ra8 f3 67. Re8+ Kf2 68. Ra8 Ke3 69. Re8+ Kd4 70. Rd8+ Kc5 71. Ra8 f2 72. Ra5+ Kb6 73. Rf5 f1=Q 74. Rf6+ Qxf6 0-1


[Site "https://www.chess.com"]